 Dungeon Crawl Stone Soup version 0.30-a0-972-gf3ab3527aa (webtiles) character file.

Game seed: 4674582201147820957

134 kae the Insei (level 4, 0/32 HPs)
             Began as a Demonspawn Transmuter on Mar 31, 2023.
             Succumbed to a goblin's poison
             ... on level 3 of the Dungeon.
             The game lasted 00:02:39 (2367 turns).

kae the Insei (Demonspawn Transmuter)               Turns: 2367, Time: 00:02:40

Health: 0/32       AC:  4    Str: 10    XL:     4   Next: 95%
Magic:  9/9        EV: 12    Int: 14    God:
Gold:   115        SH:  0    Dex: 14    Spells: 2/8 levels left

rFire   . . .      SeeInvis .    d - +0 dagger
rCold   . . .      Faith    .    (no shield)
rNeg    . . .      Spirit   .    a - +0 robe
rPois   .          Reflect  .    (no helmet)
rElec   .          Rampage  .    (no cloak)
rCorr   .                        j - +1 pair of gloves
Will    .....                    (no boots)
Stlth   +                        g - amulet of regeneration
HPRegen 1.05/turn                (no ring)
MPRegen 0.11/turn                (no ring)

@: lethally poisoned (0 -> -6)
A: claws 1, demonic guardian 1, dopey 1, high MP 1
a: no special abilities


You were on level 3 of the Dungeon.
You visited 1 branch of the dungeon, and saw 3 of its levels.

You collected 115 gold pieces.


Innate Abilities, Weirdness & Mutations

You have sharp fingernails.
A weak demonic guardian rushes to your aid.
You are dopey. (Int -2)
You have an increased reservoir of magic. (+10% MP)


   Skills:
 - Level 1.0 Fighting
 - Level 1.7 Dodging
 + Level 3.3 Unarmed Combat
 + Level 2.8 Spellcasting
 * Level 3.2 Transmutations
 * Level 1.7 Poison Magic


You had 2 spell levels left.
You knew the following spells:

 Your Spells              Type           Power      Damage    Failure   Level
a - Beastly Appendage     Tmut           22%        N/A       6%          1
b - Wereblood             Tmut           11%        N/A       9%          2
c - Spider Form           Tmut/Pois      9%         N/A       24%         3

Your spell library contained the following spells:

 Spells                   Type           Power      Damage    Failure   Level
 Passwall                 Tmut/Erth      5%         N/A       17%         2
 Sandblast                Erth           2%         2d4       22%         1
 Stone Arrow              Conj/Erth      2%         3d7       54%         3
 Ice Form                 Ice/Tmut       6%         N/A       75%         4

Inventory:

Hand Weapons
 d - a +0 dagger (weapon)
   (You took it off a goblin on level 1 of the Dungeon)
Missiles
 e - 6 boomerangs
 f - 45 stones
Armour
 a - a +0 robe (worn)
 j - a +1 pair of gloves (worn)
   (You found it on level 1 of the Dungeon)
Magical Staves
 n - a staff of conjuration {!a}
   (You found it on level 2 of the Dungeon)
Jewellery
 g - an amulet of regeneration (around neck)
   (You found it on level 1 of the Dungeon)
Scrolls
 b - a scroll of magic mapping {!r}
 h - a scroll of identify {@r1}
 k - a scroll of poison {!r}
 m - a scroll of brand weapon

Dungeon Overview and Level Annotations

Branches:
Dungeon (3/15) Zot: 15607

Altars:
Vehumet

Shops:
D:2

[ ..# ..##### ###.#..#.##.#
....... ............ ..####
..........# ..# #.
#.#...b.... ..# #.#
#.#.#...... ..# #.....#.#
#..g....... ..#
#.....#.###.......... ..#
+.....+...@..g.g.....
#รท#####.....#.###?.........
............+..............
............#...!..........
............#.###..#.......
#.##.......................
..#####...).โ€
.............. ...#
#.###........#....... ..##
#.# #...............


You could see a hobgoblin (fleeing), 2 goblins and a bat (fleeing).


Message History

๐Ÿ˜• HP[+1]
Your horns disappear.
Your talons disappear.
Things that are here:
a +0 mace; a +0 chain mail A goblin comes into view.
It is wielding a +0 dagger. ๐Ÿ˜Ž HP[+1] MP[+2]
Your hp is fully restored (32).
Your mp is fully restored (9).
A giant cockroach comes into view.
There are monsters nearby!
Unknown command.
There are monsters nearby!
You hit the goblin.
You kill the goblin!
Things that are here:
a +0 dagger; a goblin corpse A giant cockroach is nearby!
The giant cockroach barely misses you.
You hit the giant cockroach but do no damage.
The giant cockroach closely misses you. The giant cockroach misses you.
You hit the giant cockroach but do no damage.
The giant cockroach misses you.
You hit the giant cockroach. The giant cockroach misses you.
A giant cockroach is nearby!
A giant cockroach is nearby!
Unknown command.
A giant cockroach is nearby!
You hit the giant cockroach.
The giant cockroach bites you but does no damage.
You barely miss the giant cockroach.
The giant cockroach bites you. ๐Ÿ˜• HP[-2]
You take 2 damage, and now have 30/32 hp.
A giant cockroach is nearby!
You hit the giant cockroach.
You kill the giant cockroach!
No target in view! ๐Ÿ˜• HP[+1]
A goblin comes into view.
It is wielding a +2 dagger of venom. ๐Ÿ˜Ž HP[+1]
Your hp is fully restored (32).
A bat comes into view.
The goblin shouts!
You see here a scroll labelled HID BILERUEX.
The bat hits you. ๐Ÿ˜• HP[-1]
You take 1 damage, and now have 31/32 hp.
There are monsters nearby!
Unknown command.
You barely miss the bat. The bat hits you but does no damage.
A goblin comes into view. It is wielding a +0 dagger.
The bat closely misses you.
A hobgoblin comes into view. ๐Ÿ˜Ž HP[+1]
Your hp is fully restored (32).
You closely miss the goblin.
The hobgoblin shouts!
The goblin shouts!
The bat misses you.
The goblin hits you with a +2 dagger of venom.
You hit the goblin but do no damage. The bat hits you but does no damage.
The goblin hits you with a +2 dagger of venom. ๐Ÿ˜• HP[-4]
You take 4 damage, and now have 28/32 hp.
You hit the goblin. The bat barely misses you.
The goblin hits you with a +2 dagger of venom.
You are poisoned.
You closely miss the goblin.
You feel very sick. The bat hits you. The bat hits you but does no damage.
The goblin hits you with a +2 dagger of venom.
You are more poisoned. ๐Ÿ˜ฎ HP[-11]
You take 11 damage, and now have 17/32 hp.
MASSIVE DAMAGE!! (PAUSE)
The goblin attacks as you move away!
The goblin hits you with a +2 dagger of venom.
* * * LOW HITPOINT WARNING * * *
You are lethally poisoned!
* * * LOW HITPOINT WARNING * * *
You feel very sick.
The bat hits you but does no damage. ๐Ÿ˜จ HP[-8]
You take 8 damage, and now have 9/32 hp.
MASSIVE DAMAGE!! (PAUSE)
* * * LOW HITPOINT WARNING * * *
You feel very sick.
The bat hits you but does no damage. ๐Ÿ˜ฑ HP[-4]
You take 4 damage, and now have 5/32 hp.
Unknown command.
You aren't carrying any potions.
You aren't carrying any potions.
You aren't carrying any potions.
As you read the scroll of fear, it crumbles to dust.
You assume a fearsome visage.
The bat looks frightened!
The hobgoblin looks frightened!
The goblin looks frightened! x2
* * * LOW HITPOINT WARNING * * *
You feel very sick. ๐Ÿ˜ฑ HP[-3]
You take 3 damage, and now have 2/32 hp.
Unknown command.
You die...

Skill      XL: |  1  2  3  4 |
---------------+-------------+-----
Transmutations | 2 3 |  3.2
Unarmed Combat | 3 |  3.3
Poison Magic   | 1 |  1.7
Fighting       | |  1.0
Dodging        | |  1.7
Spellcasting   | |  2.8

Action                     |  1- 3 |  4- 6 || total
---------------------------+-------+-------++-------
  Melee: Unarmed           |    14 |    11 ||    25
         Dagger            |   117 |    36 ||   153
         Kick              |    34 |     5 ||    39
         Headbutt          |    11 |     1 ||    12
         Punch             |     1 |     2 ||     3
   Cast: Beastly Appendage |    33 |     1 ||    34
         Wereblood         |     1 |       ||     1
         Spider Form       |       |     3 ||     3
    Use: Potion            |     3 |       ||     3
         Scroll            |     6 |     1 ||     7
 Armour: Robe              |    24 |    15 ||    39
         Skin              |     4 |       ||     4
  Dodge: Dodged            |    59 |    36 ||    95

Levels and vault maps discovered:
D:1:      saegor_arrival_miasma, layout_loops_ring
D:2:      layout_basic, serial_bayou, serial_bayou_ford_a, serial_bayou_shore_a,
          serial_bayou_pond_e, serial_bayou_shore_b, basic_altar, serial_shops,
          nicolae_shop_temple_entry_statues_fountains
D:3:      layout_basic, uniq_crazy_yiuf_cottage

Notes
Turn   | Place    | Note
-------+----------+-------------------------------------------
     0 | D:1      | kae the Demonspawn Transmuter began the quest for the Orb.
     0 | D:1      | Reached XP level 1. HP: 15/15 MP: 3/3
     0 | D:1      | magus.rc [v1.11.3]
    90 | D:1      | Reached skill level 2 in Transmutations
   191 | D:1      | Gained mutation: A weak demonic guardian rushes to your
                  | aid. [demonic ancestry]
   191 | D:1      | Reached XP level 2. HP: 20/21 MP: 3/5
   616 | D:1      | Gained mutation: You are dopey. (Int -2) [potion of
                  | mutation]
   616 | D:1      | Gained mutation: You have an increased reservoir of magic.
                  | (+10% MP) [potion of mutation]
   629 | D:1      | Reached skill level 3 in Unarmed Combat
   629 | D:1      | Reached XP level 3. HP: 21/26 MP: 7/7
   768 | D:1      | Learned a level 2 spell: Wereblood
   772 | D:1      | Learned a level 3 spell: Spider Form
  1028 | D:2      | Found a radiant altar of Vehumet.
  1047 | D:2      | Found Arhocyapn's Armour Boutique.
  1668 | D:2      | You pick up a book of Geomancy and begin reading...
  1668 | D:2      | You add the spells Sandblast, Passwall and Stone Arrow to
                  | your library.
  2061 | D:3      | Reached skill level 1 in Poison Magic
  2061 | D:3      | Gained mutation: You have sharp fingernails. [demonic
                  | ancestry]
  2061 | D:3      | Reached XP level 4. HP: 32/32 MP: 5/8
  2082 | D:3      | Reached skill level 3 in Transmutations
  2192 | D:3      | HP: 7/32 [gnoll/+0 spear (8)]
  2365 | D:3      | HP: 5/32 [poisoned by a goblin]
  2366 | D:3      | HP: 2/32 [poisoned by a goblin]
  2367 | D:3      | Succumbed to a goblin's poison

Vanquished Creatures
  A hound (D:3)
  4 gnolls
  2 adders (D:2)
  A worm (D:3)
  An orc (D:3)
  3 endoplasms
  3 giant cockroaches
  5 goblins
  6 hobgoblins
  4 quokkas
  4 ball pythons
  A frilled lizard (D:1)
  3 kobolds (D:1)
  6 rats
44 creatures vanquished.

Vanquished Creatures (collateral kills)
  A goblin (D:2)
  A quokka (D:2)
2 creatures vanquished.

Grand Total: 46 creatures vanquished

Table legend:
 A = Non-vault XP
 B = Vault XP
 C = Vault XP percentage of total XP
 D = Non-vault monster count
 E = Vault monster count
 F = Vault count percentage of total count
                 A         B        C        D         E       F
            +---------+---------+-------+---------+---------+-------
      Total |     192 |       0 |   0.0 |      46 |       0 |   0.0
            +---------+---------+-------+---------+---------+-------
        D:1 |      48 |       0 |   0.0 |      21 |       0 |   0.0
        D:2 |      47 |       0 |   0.0 |      15 |       0 |   0.0
        D:3 |      97 |       0 |   0.0 |      10 |       0 |   0.0
            +---------+---------+-------+---------+---------+-------

Illustrated notes

Table legend:
 A = Kills in this place as a percentage of kills in the entire game.
 B = Kills by you in this place as a percentage of kills by you in the entire game.
 C = Kills by friends in this place as a percentage of kills by friends in the entire game.
 D = Other kills in this place as a percentage of other kills in the entire game.
 E = Experience gained in this place as a percentage of experience gained in the entire game.
 F = Experience gained in this place divided by the number of levels of this place that you have seen.
                   A       B       C       D       E      F
               +-------+-------+-------+-------+-------+----------------------
         Total | 100.0 | 100.0 | 100.0 |   N/A | 100.0 |  64.0
       Dungeon | 100.0 | 100.0 | 100.0 |   N/A | 100.0 |  64.0
               +-------+-------+-------+-------+-------+----------------------

Table legend: (Time is in decaauts)
 A = Elapsed time spent in this place.
 B = Non-inter-level travel time spent in this place.
 C = Inter-level travel time spent in this place.
 D = Time resting spent in this place.
 E = Time spent auto-exploring this place.
 F = Levels seen in this place.
 G = Mean time per level.
                   A        B        C        D        E       F      G
               +--------+--------+--------+--------+--------+-----+--------+
         Total |   2392 |   2282 |    110 |     76 |   1674 |   3 |  797.3 |
       Dungeon |   2392 |   2282 |    110 |     76 |   1674 |   3 |  797.3 |
               +--------+--------+--------+--------+--------+-----+--------+

Top non-repeatable levels by time:
     D:2: 1059 daAuts
     D:1: 1026 daAuts
     D:3: 306 daAuts
